 Dungeon Crawl Stone Soup version 0.29.1-2-gbd0b4ee654 (webtiles) character file.

Game seed: 15162254506483093693

113 xian the Shooter (level 4, -5/40 HPs)
             Began as a Naga Hunter on Oct 26, 2022.
             Slain by a centaur (6 damage)
             ... on level 3 of the Dungeon.
             The game lasted 00:02:40 (1995 turns).

xian the Shooter (Naga Hunter)                      Turns: 1995, Time: 00:02:41

Health: -5/40      AC:  2    Str: 15    XL:     4   Next: 96%
Magic:  4/4        EV:  9    Int: 10    God:
Gold:   56         SH:  0    Dex: 14    Spells: 3/3 levels left

rFire   . . .      SeeInvis +   l - +0 dagger
rCold   . . .      Faith    .   (no shield)
rNeg    + . .      Spirit   .   c - +0 leather armour
rPois   +          Reflect  .   (no helmet)
rElec   .          Harm     .   (no cloak)
rCorr   .          Rampage  .   (no gloves)
Will    .....                   (no barding)
Stlth   ++........              (no amulet)
HPRegen 0.13/turn               h - ring of positive energy
MPRegen 0.09/turn               (no ring)

@: very slow
A: AC +1, large, see invisible, deformed body, poison resistance, slowness 2,
spit poison 1, naga tail 1
a: Spit Poison


You were on level 3 of the Dungeon.
You visited 1 branch of the dungeon, and saw 3 of its levels.

You collected 56 gold pieces.

Inventory:

Hand Weapons
 a - a +0 shortbow
 l - a +0 dagger (weapon)
Armour
 c - a +0 leather armour (worn)
 q - a +0 kite shield
Jewellery
 h - a ring of positive energy (left hand)
Wands
 r - a wand of polymorph (5)
Scrolls
 b - a scroll of immolation
 e - 2 scrolls of noise {unknown}
 f - 2 scrolls of fear {unknown}
 g - a scroll of magic mapping {unknown}
 m - a scroll of torment {unknown}
 o - a scroll of enchant weapon {unknown}
Potions
 d - 2 potions of curing {unknown}
 i - a potion of resistance {unknown}
 j - a potion of degeneration {unknown}
 k - a potion of flight {unknown}
 n - a potion of might {unknown}
 p - a potion of ambrosia {unknown}


   Skills:
 + Level 2.4 Fighting
 + Level 5.1 Ranged Weapons
 + Level 0.7 Armour
 + Level 1.6 Dodging
 + Level 2.0 Stealth


You had 3 spell levels left.
You didn't know any spells.
Your spell library was empty.

Dungeon Overview and Level Annotations

Branches:
Dungeon (3/15)

Altars:
Sif Muna


Innate Abilities, Weirdness & Mutations

Your serpentine skin is tough. (AC +1)
You have supernaturally acute eyesight. (SInv)
Armour fits poorly on your strangely shaped body.
Your system is resistant to poisons. (rPois)
You cover ground very slowly.
You can spit poison.
You have a snake-like lower body.


Message History

The orc throws a stone.
The stone barely misses you.
You shoot an arrow. The arrow completely misses the orc.
You shoot an arrow. The arrow closely misses the orc.
The arrow closely misses the centaur.
You shoot an arrow. The arrow hits the orc.
The orc is severely wounded.
The orc hits you with a +0 dagger.
You shoot an arrow. The arrow hits the orc.
You kill the orc!
The centaur wields a +0 shortbow.
The centaur shoots an arrow.
The arrow misses you.
The centaur shoots an arrow.
The arrow hits you!
You shoot an arrow. The arrow barely misses the centaur.
The centaur shoots an arrow.
The arrow hits you!
The centaur shoots an arrow.
The arrow hits you!
* * * LOW HITPOINT WARNING * * *
Unknown command.
Found 13 gold pieces.
The centaur unwields a +0 shortbow.
The centaur hits you.
* * * LOW HITPOINT WARNING * * *
The centaur kicks you but does no damage.
The centaur barely misses you. x2
Things that are here:
a +0 dagger; 4 stones; an orc corpse Unknown command.
l - a +0 dagger (weapon)
Unknown command.
You hit the centaur.
The centaur is moderately wounded.
The centaur hits you but does no damage.
The centaur barely misses you. The centaur hits you.
* * * LOW HITPOINT WARNING * * *
The centaur barely misses you.
You completely miss the centaur.
The centaur is moderately wounded.
The centaur hits you but does no damage.
The centaur kicks you.
* * * LOW HITPOINT WARNING * * *
You hit the centaur but do no damage.
The centaur is moderately wounded.
The centaur hits you.
You die...

#.# #... #.# #... #.#
#..# #.# #..#
#######.###..#
##........##..#
###...####..##..###
#.................#
#.#...####..###@#...#
##.##.##
#.....c.......
...##.#
#..#..........
#..##.#
#.##..~~$.....
#####.#
#.##.~..~..... #.# ##
~~~..~..~~. .#
~~~..~..~..~
#~~...~.⌠~.$~


You could see a centaur.

Vanquished Creatures
  Natasha (thrice) (D:2)
  2 dart slugs (D:1)
  An orc (D:3)
  2 bats (D:2)
  2 endoplasms
  A giant cockroach (D:1)
  3 goblins
  2 hobgoblins
  2 quokkas
  5 ball pythons
  4 frilled lizards (D:1)
  7 kobolds
  2 rats (D:1)
36 creatures vanquished.

Notes
Turn   | Place    | Note
-------+----------+-------------------------------------------
     0 | D:1      | xian the Naga Hunter began the quest for the Orb.
     0 | D:1      | Reached XP level 1. HP: 19/19 MP: 1/1
   165 | D:1      | Reached XP level 2. HP: 26/26 MP: 2/2
   169 | D:1      | Reached skill level 4 in Ranged Weapons
   486 | D:1      | Found a faded altar of an unknown god.
   911 | D:2      | Reached XP level 3. HP: 32/32 MP: 3/3
   920 | D:2      | Noticed Natasha
   925 | D:2      | Killed Natasha
  1235 | D:2      | Found a shimmering blue altar of Sif Muna.
  1315 | D:2      | Noticed Natasha
  1323 | D:2      | Killed Natasha
  1324 | D:2      | Reached XP level 4. HP: 39/39 MP: 4/4
  1353 | D:2      | Reached skill level 5 in Ranged Weapons
  1496 | D:2      | Noticed Natasha
  1511 | D:2      | Killed Natasha
  1984 | D:3      | Noticed a centaur
  1994 | D:3      | HP: 1/40 [centaur (3)]
  1995 | D:3      | Slain by a centaur

Illustrated notes

Levels and vault maps discovered:
D:1:      co_arrival_square_in_a_square_in_a_square, layout_loops_ring,
          nicolae_ecumenical_lake_church
D:2:      layout_loops_ring, basic_altar, uniq_natasha
D:3:      cheibrodos_helix_gallery, layout_loops_ring,
          nicolae_overflow_crystal_walls

Skill      XL: |  1  2  3  4 |
---------------+-------------+-----
Ranged Weapons | 4 5 |  5.1
Stealth        | 2 |  2.0
Fighting       | |  2.4
Armour         | |  0.7
Dodging        | |  1.6

Action                   |  1- 3 |  4- 6 || total
-------------------------+-------+-------++-------
Melee: Unarmed           |     3 |       ||     3
       Dagger            |       |     3 ||     3
 Fire: Shortbow          |    67 |    37 ||   104
 Abil: Spit Poison       |     4 |     1 ||     5
Armor: Leather armour    |     1 |     8 ||     9
       Skin              |     1 |       ||     1
Dodge: Dodged            |     7 |    19 ||    26
